PCL
DISTRICT 9 PRAWNS @ WALLA WALLA ALL-STARS
07/23/2023
 
TOP OF THE 1ST
District 9 Prawns batting - Pitching for Walla Walla All-Stars : RHP Arturo Martínez
Pitching: RHP Arturo Martínez
Batting: RHB Alonso Holguín 0-0: Foul Ball, location: 2F
0-1: Fly out, F9 (Flyball, 8RS)
Batting: RHB Marcos Moreno 0-0: Ball
1-0: Swinging Strike
1-1: Fly out, F8 (Flyball, 8LM)
Batting: LHB Leland Hardy 0-0: Ball
1-0: Swinging Strike
1-1: Foul Ball, location: 2F
1-2: Ball
2-2: Foul Ball, location: 2F
2-2: Ball
3-2: Base on Balls
Batting: LHB Ryan Hensley 0-0: Ball
Leland Hardy is caught stealing 2nd base
Top of the 1st over - 0 run(s), 0 hit(s), 0 error(s), 0 left on base; District 9 0 - Walla Walla 0
BOTTOM OF THE 1ST
Walla Walla All-Stars batting - Pitching for District 9 Prawns : RHP Víctor Ventura
Pitching: RHP Víctor Ventura
Batting: LHB Mike Young 0-0: Ground out 5-3 (Groundball, 5S)
Batting: RHB Pablo Lucero 0-0: Ball
1-0: Called Strike
1-1: Ground out 6-3 (Groundball, 6)
Batting: RHB Lorenzo Morín 0-0: Called Strike
0-1: Foul Ball, location: 2F
0-2: Ball
1-2: Ball
2-2: Ball
3-2: DOUBLE (Groundball, 5L)
Batting: RHB Claudio Guerra 0-0: Called Strike
0-1: Called Strike
0-2: Strikes out looking
Bottom of the 1st over - 0 run(s), 1 hit(s), 0 error(s), 1 left on base; District 9 0 - Walla Walla 0
TOP OF THE 2ND
District 9 Prawns batting - Pitching for Walla Walla All-Stars : RHP Arturo Martínez
Batting: LHB Ryan Hensley 0-0: Ball
1-0: Ball
2-0: Ball
3-0: Swinging Strike
3-1: Base on Balls
Batting: RHB Mal Snyder 0-0: Swinging Strike
0-1: Called Strike
0-2: Ball
1-2: Strikes out swinging
Batting: SHB Tommy Bourassa 0-0: Ball
1-0: Ball
2-0: Foul Ball, location: 2F
2-1: Foul Ball, location: 2F
2-2: Ball
3-2: Foul Ball, location: 2F
3-2: Strikes out swinging
Batting: RHB Robert Bly 0-0: Ball
1-0: Ball
2-0: Foul Ball, location: 2F
2-1: Ball
3-1: SINGLE (Flyball, 7LS)
Ryan Hensley to second
Batting: RHB Bill Beck 0-0: Called Strike
0-1: Ball
1-1: Ball
2-1: Ball
3-1: Base on Balls
Ryan Hensley to third
Robert Bly to second
Batting: RHB Manuel Cortéz 0-0: Called Strike
0-1: SINGLE (Line Drive, 56D)
Ryan Hensley scores
Robert Bly to third
Bill Beck to second
Runner from 3rd tries for Home, SAFE, throw made home
Batting: RHB Alonso Holguín 0-0: Ball
1-0: Ball
2-0: Foul Ball, location: 2F
2-1: Swinging Strike
2-2: Foul Ball, location: 2F
2-2: Strikes out looking
Top of the 2nd over - 2 run(s), 2 hit(s), 0 error(s), 2 left on base; District 9 2 - Walla Walla 0
BOTTOM OF THE 2ND
Walla Walla All-Stars batting - Pitching for District 9 Prawns : RHP Víctor Ventura
Batting: SHB Clinton Watson 0-0: Called Strike
0-1: Ball
1-1: Foul Ball, location: 2F
1-2: Ball
2-2: Foul Ball, location: 2F
2-2: SINGLE (Groundball, 3D)
Batting: RHB Daniel Guerrero 0-0: Ball
1-0: Foul Ball, location: 2F
1-1: Fly out, F3 (Popup, 3F)
Batting: RHB Santiago Vallés 0-0: Called Strike
0-1: 2-RUN HOME RUN (Flyball, 7LD), Distance : 361 ft
Batting: RHB Pablo Castillo 0-0: Ball
1-0: Foul Ball, location: 2F
1-1: DOUBLE (Flyball, 89XD)
Batting: LHB Bob Martin 0-0: Called Strike
0-1: Ball
1-1: Ball
2-1: Called Strike
2-2: Fly out, F7 (Flyball, 7D)
Runner from 2nd tags up, SAFE at 3rd, no throw
Batting: LHB Mike Young 0-0: Foul Ball, location: 2F
0-1: Ball
1-1: Ball
2-1: Fly out, F8 (Flyball, 8LS)
Bottom of the 2nd over - 2 run(s), 3 hit(s), 0 error(s), 1 left on base; District 9 2 - Walla Walla 2
TOP OF THE 3RD
District 9 Prawns batting - Pitching for Walla Walla All-Stars : RHP Arturo Martínez
Batting: RHB Marcos Moreno 0-0: Ball
1-0: Foul Ball, location: 2F
1-1: Called Strike
1-2: Strikes out swinging
Batting: LHB Leland Hardy 0-0: Called Strike
0-1: Swinging Strike
0-2: Ball
1-2: Ball
2-2: Ball
3-2: Strikes out looking
Batting: LHB Ryan Hensley 0-0: Ball
1-0: Ball
2-0: Ball
3-0: Called Strike
3-1: SINGLE (Line Drive, 78M)
Batting: RHB Mal Snyder 0-0: Ball
1-0: DOUBLE (Flyball, 8RXD)
Ryan Hensley to third
Runner from 3rd tries for Home, SAFE, no throw or cutoff
Batting: SHB Tommy Bourassa 0-0: Foul Ball, location: 2F
0-1: Foul Ball, location: 2F
0-2: Ball
1-2: Foul Ball, location: 2F
1-2: Ball
2-2: Strikes out swinging
Top of the 3rd over - 1 run(s), 2 hit(s), 0 error(s), 1 left on base; District 9 3 - Walla Walla 2
BOTTOM OF THE 3RD
Walla Walla All-Stars batting - Pitching for District 9 Prawns : RHP Víctor Ventura
Batting: RHB Pablo Lucero 0-0: Ball
1-0: Foul Ball, location: 2F
1-1: Foul Ball, location: 2F
1-2: Strikes out looking
Batting: RHB Lorenzo Morín 0-0: Reached on Error, E3 (Popup, 3L)
Batting: RHB Claudio Guerra 0-0: Ball
1-0: SINGLE (Line Drive, 78M)
Lorenzo Morín to second
Batting: SHB Clinton Watson 0-0: Called Strike
0-1: Foul Ball, location: 2F
0-2: Foul Ball, location: 2F
0-2: Grounds into double play, 4-6-3 (Groundball, 4)
Bottom of the 3rd over - 0 run(s), 1 hit(s), 1 error(s), 1 left on base; District 9 3 - Walla Walla 2
TOP OF THE 4TH
District 9 Prawns batting - Pitching for Walla Walla All-Stars : RHP Arturo Martínez
Batting: RHB Robert Bly 0-0: Ball
1-0: Called Strike
1-1: Ball
2-1: Called Strike
2-2: Foul Ball, location: 2F
2-2: Ball
3-2: Foul Ball, location: 2F
3-2: Strikes out swinging
Batting: RHB Bill Beck 0-0: Ball
1-0: Fly out, F7 (Line Drive, 78D)
Batting: RHB Manuel Cortéz 0-0: Called Strike
0-1: Ball
1-1: Called Strike
1-2: Strikes out swinging
Top of the 4th over - 0 run(s), 0 hit(s), 0 error(s), 0 left on base; District 9 3 - Walla Walla 2
BOTTOM OF THE 4TH
Walla Walla All-Stars batting - Pitching for District 9 Prawns : RHP Víctor Ventura
Batting: RHB Daniel Guerrero 0-0: Fly out, F7 (Flyball, 78S)
Batting: RHB Santiago Vallés 0-0: Ball
1-0: Called Strike
1-1: Ball
2-1: Foul Ball, location: 2F
2-2: SOLO HOME RUN (Flyball, 8RXD), Distance : 417 ft
Batting: RHB Pablo Castillo 0-0: Ball
1-0: Ball
2-0: Ball
3-0: Base on Balls
Batting: LHB Bob Martin 0-0: Ball
1-0: DOUBLE (Line Drive, 7LM)
Pablo Castillo to third
Batting: LHB Mike Young 0-0: Ball
1-0: Ball
2-0: Called Strike
2-1: Foul Ball, location: 2F
2-2: Foul Ball, location: 2F
2-2: Ball
3-2: SINGLE (Groundball, 6MD)
Pablo Castillo scores
Bob Martin to third
Runner from 3rd tries for Home, SAFE, no throw or cutoff
Batting: RHB Pablo Lucero 0-0: Foul Ball, location: 2F
0-1: Called Strike
0-2: Ball
1-2: Fly out, F2 (Popup, 2RF)
Batting: RHB Lorenzo Morín 0-0: Called Strike
0-1: Ball
1-1: SINGLE (Groundball, 6D)
Mike Young to second
Batting: RHB Claudio Guerra 0-0: Fly out, F6 (Popup, 56)
Bottom of the 4th over - 3 run(s), 4 hit(s), 0 error(s), 2 left on base; District 9 3 - Walla Walla 5
TOP OF THE 5TH
District 9 Prawns batting - Pitching for Walla Walla All-Stars : RHP Arturo Martínez
Batting: RHB Alonso Holguín 0-0: Called Strike
0-1: Ball
1-1: Swinging Strike
1-2: Strikes out swinging
Batting: RHB Marcos Moreno 0-0: Ball
1-0: Ball
2-0: Called Strike
2-1: Ball
3-1: Base on Balls
Batting: LHB Leland Hardy 0-0: Ball
1-0: Fly out, F7 (Flyball, 78M)
Batting: LHB Ryan Hensley 0-0: Fly out, F8 (Flyball, 78D)
Top of the 5th over - 0 run(s), 0 hit(s), 0 error(s), 1 left on base; District 9 3 - Walla Walla 5
BOTTOM OF THE 5TH
Walla Walla All-Stars batting - Pitching for District 9 Prawns : RHP Víctor Ventura
Batting: SHB Clinton Watson 0-0: Ball
1-0: Ball
2-0: Called Strike
2-1: Foul Ball, location: 2F
2-2: Foul Ball, location: 2F
2-2: Fly out, F9 (Flyball, 89M)
Batting: RHB Daniel Guerrero 0-0: Ball
1-0: Called Strike
1-1: Ball
2-1: Ball
3-1: Called Strike
3-2: Foul Ball, location: 2F
3-2: Ground out 6-3 (Groundball, 56)
Batting: RHB Santiago Vallés 0-0: SINGLE (Line Drive, 4M)
Batting: RHB Pablo Castillo 0-0: Called Strike
0-1: Called Strike
0-2: Ball
1-2: Foul Ball, location: 2F
1-2: Ball
2-2: Ball
3-2: Fly out, F8 (Flyball, 8RXD)
Bottom of the 5th over - 0 run(s), 1 hit(s), 0 error(s), 1 left on base; District 9 3 - Walla Walla 5
TOP OF THE 6TH
District 9 Prawns batting - Pitching for Walla Walla All-Stars : RHP Arturo Martínez
Pitching: RHP León Trevino
Batting: RHB Mal Snyder 0-0: Foul Ball, location: 2F
0-1: Foul Ball, location: 2F
0-2: Foul Ball, location: 2F
0-2: Ground out 6-3 (Groundball, 6)
Batting: SHB Tommy Bourassa 0-0: Called Strike
0-1: Swinging Strike
0-2: Ball
1-2: Foul Ball, location: 2F
1-2: Strikes out swinging
Batting: RHB Robert Bly 0-0: Called Strike
0-1: Ground out 5-3 (Groundball, 56)
Top of the 6th over - 0 run(s), 0 hit(s), 0 error(s), 0 left on base; District 9 3 - Walla Walla 5
BOTTOM OF THE 6TH
Walla Walla All-Stars batting - Pitching for District 9 Prawns : RHP Víctor Ventura
Pitching: RHP Augusto Méndez
Batting: LHB Bob Martin 0-0: Ball
1-0: Called Strike
1-1: Swinging Strike
1-2: Ball
2-2: Foul Ball, location: 2F
2-2: Ball
3-2: Strikes out swinging
Batting: LHB Mike Young 0-0: Called Strike
0-1: Fly out, F9 (Line Drive, 9M)
Batting: RHB Pablo Lucero 0-0: Ball
1-0: Called Strike
1-1: Called Strike
1-2: Ground out 6-3 (Groundball, 6S)
Bottom of the 6th over - 0 run(s), 0 hit(s), 0 error(s), 0 left on base; District 9 3 - Walla Walla 5
TOP OF THE 7TH
District 9 Prawns batting - Pitching for Walla Walla All-Stars : RHP León Trevino
Batting: RHB Bill Beck 0-0: Ball
1-0: Foul Ball, location: 2F
1-1: Swinging Strike
1-2: Ball
2-2: Foul Ball, location: 2F
2-2: Ball
3-2: Base on Balls
Batting: RHB Manuel Cortéz 0-0: Called Strike
0-1: Ball
1-1: Ball
2-1: Foul Ball, location: 2F
2-2: Foul Ball, location: 2F
2-2: Foul Ball, location: 2F
2-2: DOUBLE (Line Drive, 7LS)
Bill Beck to third
Runner from 3rd tries for Home, SAFE, throw made home
Batting: RHB Alonso Holguín 0-0: Swinging Strike
0-1: DOUBLE (Line Drive, 9LM)
Manuel Cortéz scores
Pinch Hitting: LHB Scott MacDonald 0-0: Ground out 4-3 (Groundball, 4M)
Alonso Holguín to third
Batting: LHB Leland Hardy 0-0: Called Strike
0-1: Ball
1-1: Swinging Strike
1-2: Ball
2-2: Foul Ball, location: 2F
2-2: Foul Ball, location: 2F
2-2: DOUBLE (Flyball, 7LD)
Alonso Holguín scores
Batting: LHB Ryan Hensley 0-0: Intentional Walk
Pitching: LHP Edgardo Guzmán
Batting: RHB Mal Snyder 0-0: Ball
1-0: Ball
2-0: Swinging Strike
2-1: Foul Ball, location: 2F
2-2: Ball
3-2: Base on Balls
Leland Hardy to third
Ryan Hensley to second
Batting: SHB Tommy Bourassa 0-0: Called Strike
0-1: Foul Ball, location: 2F
0-2: Ball
1-2: Strikes out swinging
Batting: RHB Robert Bly 0-0: Foul Ball, location: 2F
0-1: Called Strike
0-2: Strikes out looking
Top of the 7th over - 3 run(s), 3 hit(s), 0 error(s), 3 left on base; District 9 6 - Walla Walla 5
BOTTOM OF THE 7TH
Walla Walla All-Stars batting - Pitching for District 9 Prawns : RHP Augusto Méndez
Now at 2B: Finley Frogley
Batting: RHB Lorenzo Morín 0-0: Called Strike
0-1: Called Strike
0-2: Ball
1-2: Strikes out swinging
Batting: RHB Claudio Guerra 0-0: Called Strike
0-1: Swinging Strike
0-2: Strikes out swinging
Batting: SHB Clinton Watson 0-0: Called Strike
0-1: Ball
1-1: Ball
2-1: Called Strike
2-2: Ball
3-2: Fly out, F3 (Popup, 3F)
Bottom of the 7th over - 0 run(s), 0 hit(s), 0 error(s), 0 left on base; District 9 6 - Walla Walla 5
TOP OF THE 8TH
District 9 Prawns batting - Pitching for Walla Walla All-Stars : LHP Edgardo Guzmán
Batting: RHB Bill Beck 0-0: Ball
1-0: SINGLE (Groundball, 56D)
Batting: RHB Manuel Cortéz 0-0: Called Strike
0-1: DOUBLE (Flyball, 7LM)
Bill Beck to third
Batting: RHB Alonso Holguín 0-0: Intentional Walk
Pinch Hitting: RHB Lateef Makini 0-0: Foul Ball, location: 2F
0-1: Ball
1-1: Grounds into fielders choice 6-2 (Groundball, 6)
Manuel Cortéz to third
Alonso Holguín to second
Batting: LHB Leland Hardy 0-0: Called Strike
0-1: Ball
1-1: Fly out, F7 (Line Drive, 8LD)
Runner from 3rd tags up, SCORES, no throw
Batting: LHB Ryan Hensley 0-0: Called Strike
0-1: Fielders Choice at 2nd, 6-4 (Groundball, 6)
Top of the 8th over - 1 run(s), 2 hit(s), 0 error(s), 1 left on base; District 9 7 - Walla Walla 5
BOTTOM OF THE 8TH
Walla Walla All-Stars batting - Pitching for District 9 Prawns : RHP Augusto Méndez
Pitching: RHP António García
Now at 2B: Mark Pope
Batting: RHB Daniel Guerrero 0-0: Ball
1-0: Fly out, F9 (Flyball, 9S)
Batting: RHB Santiago Vallés 0-0: Called Strike
0-1: Ball
1-1: Ball
2-1: Ball
3-1: Base on Balls
Pitching: RHP Alberto Vega
Batting: RHB Pablo Castillo 0-0: Ball
1-0: Grounds into double play, 5-4-3 (Groundball, 5)
Bottom of the 8th over - 0 run(s), 0 hit(s), 0 error(s), 0 left on base; District 9 7 - Walla Walla 5
TOP OF THE 9TH
District 9 Prawns batting - Pitching for Walla Walla All-Stars : LHP Edgardo Guzmán
Batting: RHB Mal Snyder 0-0: Called Strike
0-1: Ball
1-1: Ball
2-1: Foul Ball, location: 2F
2-2: Foul Ball, location: 2F
2-2: Ball
3-2: Strikes out swinging
Batting: SHB Tommy Bourassa 0-0: Ball
1-0: Reached on error, E5 (Groundball, 56)
Batting: RHB Robert Bly 0-0: Called Strike
0-1: Ball
1-1: Ball
2-1: Ball
3-1: Foul Ball, location: 2F
Balk!
Tommy Bourassa to third
3-2: Ground out 5-3 (Groundball, 5L)
Pitching: LHP Juan Ortíz
Batting: RHB Bill Beck 0-0: Swinging Strike
0-1: Called Strike
0-2: Ball
1-2: Strikes out swinging
Top of the 9th over - 0 run(s), 0 hit(s), 1 error(s), 1 left on base; District 9 7 - Walla Walla 5
BOTTOM OF THE 9TH
Walla Walla All-Stars batting - Pitching for District 9 Prawns : RHP Alberto Vega
Pitching: RHP César Rúbio
Batting: LHB Bob Martin 0-0: Ball
1-0: Ball
2-0: Called Strike
2-1: Foul Ball, location: 2F
2-2: Foul Ball, location: 2F
2-2: Foul Ball, location: 2F
2-2: Ball
3-2: Foul Ball, location: 2F
3-2: Foul Ball, location: 2F
3-2: Base on Balls
Batting: LHB Mike Young 0-0: Called Strike
0-1: Called Strike
0-2: SINGLE (Line Drive, 8RS)
Bob Martin to second
Batting: RHB Pablo Lucero 0-0: Called Strike
0-1: Bunt missed!
0-2: Ball
1-2: Ball
2-2: Foul Ball, location: 2F
2-2: Ball
3-2: Base on Balls
Bob Martin to third
Mike Young to second
Batting: RHB Lorenzo Morín 0-0: Ball
1-0: Fly out, F9 (Flyball, 9D)
Runner from 3rd tags up, SCORES, no throw
Mike Young to third
Batting: RHB Claudio Guerra 0-0: Called Strike
0-1: Fly out, F8 (Flyball, 8RXD)
Runner from 3rd tags up, SCORES, no throw
Batting: SHB Clinton Watson 0-0: Ball
1-0: Ball
2-0: Ball
3-0: Called Strike
3-1: Called Strike
3-2: Base on Balls
Pablo Lucero to second
Pinch Hitting: SHB Vicente Martínez 0-0: Ball
1-0: Ball
2-0: Foul Ball, location: 2F
2-1: Foul Ball, location: 2F
2-2: Strikes out looking
Bottom of the 9th over - 2 run(s), 1 hit(s), 0 error(s), 2 left on base; District 9 7 - Walla Walla 7
TOP OF THE 10TH
District 9 Prawns batting - Pitching for Walla Walla All-Stars : LHP Juan Ortíz
Pitching: LHP Pepe Caro
Now at 2B: Vicente Martínez
Batting: RHB Manuel Cortéz 0-0: Ball
1-0: Called Strike
1-1: Swinging Strike
1-2: Strikes out swinging
Batting: RHB Alonso Holguín 0-0: Ball
1-0: Ground out 1-3 (Groundball, 23)
Batting: SHB Mark Pope 0-0: Ball
1-0: Ball
2-0: Called Strike
2-1: Ball
3-1: Base on Balls
Batting: LHB Leland Hardy 0-0: Called Strike
0-1: Ball
1-1: 2-RUN HOME RUN (Flyball, 9LD), Distance : 359 ft
Batting: LHB Ryan Hensley 0-0: Called Strike
0-1: Foul Ball, location: 2F
0-2: Ball
1-2: Foul Ball, location: 2F
1-2: Ball
2-2: Strikes out swinging
Top of the 10th over - 2 run(s), 1 hit(s), 0 error(s), 0 left on base; District 9 9 - Walla Walla 7
BOTTOM OF THE 10TH
Walla Walla All-Stars batting - Pitching for District 9 Prawns : RHP César Rúbio
Batting: RHB Santiago Vallés 0-0: Foul Ball, location: 2F
0-1: Ball
1-1: Ball
2-1: Ball
3-1: Base on Balls
Pinch Hitting: SHB Sean Carr 0-0: Ball
1-0: SINGLE (Line Drive, 6D)
Santiago Vallés to second
Batting: LHB Bob Martin 0-0: Ball
1-0: Ball
2-0: Bunted foul
2-1: Bunted foul
2-2: Foul Ball, location: 2F
2-2: Ball
3-2: Base on Balls
Santiago Vallés to third
Sean Carr to second
Batting: LHB Mike Young 0-0: Ball
1-0: Called Strike
1-1: Ball
2-1: Grounds into double play, 6-4-3 (Groundball, 6)
Santiago Vallés scores
Sean Carr to third
Pitching: RHP Juan Cervantes
Batting: RHB Pablo Lucero 0-0: Ball
1-0: Called Strike
1-1: Ball
2-1: Ball
3-1: Base on Balls
Batting: RHB Lorenzo Morín 0-0: Ball
1-0: Called Strike
1-1: Fielders Choice at 2nd, 6-4 (Groundball, 6)
Bottom of the 10th over - 1 run(s), 1 hit(s), 0 error(s), 1 left on base; District 9 9 - Walla Walla 8
This league is powered by Out of the Park Baseball, the baseball management simulation game for PC, Mac and Linux
Wednesday, December 2nd, 2015 - OOTP Baseball 16.8 Build 38